 Dungeon Crawl Stone Soup version 0.20-a0-1121-gbb42413 (webtiles) character file.

29 Goblin1989 the Sneak (level 3, -2/18 HPs)
             Began as a Spriggan Assassin on May 10, 2017.
             Slain by a worker ant (7 damage)
             ... on level 4 of the Dungeon.
             The game lasted 00:07:04 (1021 turns).

Goblin1989 the Sneak (Spriggan Assassin)            Turns: 1021, Time: 00:07:05

Health: -2/18      AC:  3    Str:  7    XL:     3   Next: 1%
Magic:  4/4        EV: 17    Int: 12    God:
Gold:   9          SH:  0    Dex: 18    Spells: 2/2 levels left

rFire    . . .     SeeInvis +   a - +2 dagger
rCold    . . .     Gourm    .   (shield restricted)
rNeg     . . .     Faith    .   c - +0 robe
rPois    .         Spirit   .   (helmet restricted)
rElec    .         Reflect  .   d - +0 cloak
rCorr    .         Harm     .   (gloves unavailable)
MR       .....                  (boots unavailable)
Stlth    ++++......             (no amulet)
Regen    0.1/turn               (no ring)
MPRegen  0.1/turn               (no ring)

@: very quick
A: unfitting armour, see invisible, herbivore 3, speed 3, slow metabolism 2
a: no special abilities


You were on level 4 of the Dungeon.
You were not hungry.

You visited 1 branch of the dungeon, and saw 4 of its levels.

You collected 9 gold pieces.

Inventory:

Hand Weapons
 a - a +2 dagger (weapon)
 j - a +0 hand axe
 n - a +0 club
 o - a +0 hunting sling
 v - a +0 whip
 w - a +0 blowgun {@w1}
 C - a +0 hand axe
 D - a +0 whip
 E - a +0 spear
Missiles
 b - 113 stones (quivered)
 f - 2 curare-tipped needles
 g - 8 poisoned needles
 p - 26 sling bullets
 r - 42 bolts
Armour
 c - a +0 robe (worn)
 d - a +0 cloak (worn)
 l - a +0 robe
 u - a cursed -2 leather armour
 x - a +0 ring mail
 y - a +0 ring mail
 A - a +0 robe
Magical Staves
 F - a cursed staff of conjuration {unknown}
Jewellery
 q - an uncursed ring of resist corrosion {unknown}
Wands
 P - a wand of paralysis (15/24)
Scrolls
 h - 5 scrolls of identify {unknown}
 i - a scroll of enchant weapon {unknown}
 k - 2 scrolls of remove curse {unknown}
 m - a scroll of random uselessness {unknown}
 t - a scroll of blinking {unknown}
Potions
 s - a potion of curing {unknown}
 z - a potion of magic {unknown}
 B - a potion of might {unknown}
 G - 2 potions of degeneration {unknown}
Comestibles
 e - a bread ration {@e1}


   Skills:
 - Level 1.5 Fighting
 - Level 2.1 Short Blades
 - Level 2.0 Throwing
 - Level 1.5 Dodging
 + Level 7.4 Stealth


You had 2 spell levels left.
You didn't know any spells.

Dungeon Overview and Level Annotations

Branches:
Dungeon (4/15)
 Temple: D:4-7

Altars:

Annotations:
D:2 exclusion: Terence, Terence


Innate Abilities, Weirdness & Mutations

You are very small and have problems with some larger weapons.
You are too small for most types of armour.
You have supernaturally acute eyesight. (SInv)
You are a herbivore.
You cover ground extremely quickly.
You need consume almost no food.


Message History

The helpless hound skeleton fails to defend itself.
You impale the hound skeleton!!
You destroy the hound skeleton!
Your Stealth skill increases to level 7!
Health restored: 14 You see here a robe.
A - a robe A ball python comes into view.
h - 5 scrolls labeled PEAPUE QADDAG (gained 1)
There are no items here.
A bullfrog skeleton comes into view.
Unknown command.
There is a stone staircase leading up here.
B - a bubbling grey potion
There are no items here.
Found a stone staircase leading down.
You see here a wand of paralysis (?/24).
P - a wand of paralysis (?/24)
There are no items here.
There are no items here.
You see here a hand axe.
C - a hand axe You see here a whip.
D - a whip
b - 113 stones (gained 24)
There are no items here.
You see here a spear.
E - a spear A hound comes into view.
You see here a weird runed staff.
F - a weird runed staff A leopard gecko skeleton comes into view.
The helpless leopard gecko skeleton fails to defend itself.
You stick the leopard gecko skeleton like a pincushion!!!
You destroy the leopard gecko skeleton!
Unknown command.
An adder skeleton comes into view.
Found a stone staircase leading down.
A worker ant comes into view.
You see here a white potion.
G - a white potion You see here a white potion.
G - 2 white potions (gained 1)
The adder skeleton completely misses you.
You barely miss the adder skeleton. The adder skeleton closely misses you.
You hit the adder skeleton.
The adder skeleton is moderately damaged.
The adder skeleton completely misses you.
You closely miss the adder skeleton.
The adder skeleton is moderately damaged.
You hit the adder skeleton.
The adder skeleton is heavily damaged.
The adder skeleton bites you but does no damage.
You hit the adder skeleton.
The adder skeleton is severely damaged.
The adder skeleton bites you.
You take 2 damage, and have 12/14 hp.
You hit the adder skeleton.
The adder skeleton is severely damaged.
The adder skeleton closely misses you.
You barely miss the adder skeleton.
The adder skeleton is severely damaged.
The adder skeleton completely misses you.
You hit the adder skeleton.
You destroy the adder skeleton!
Found a stone staircase leading up.
There is a stone staircase leading up here.
There is a stone staircase leading up here.
You climb upwards.
There is a stone staircase leading down here.
A giant cockroach comes into view.
The helpless giant cockroach fails to defend itself.
You impale the giant cockroach!!
You kill the giant cockroach!
You have reached level 3!
Your experience leads to an increase in your attributes!
Increase (S)trength, (I)ntelligence, or (D)exterity?
You feel agile.
You regained 4 hp, and now have 17/18 hp.
MP restored: 4 2 jackals and a gnoll come into view.
Unknown command.
There is a stone staircase leading down here.
Health restored: 18 You climb downwards.
There is a stone staircase leading up here.
An orc priest comes into view. It is wielding a club.
The orc priest moves out of view.
An orc comes into view. It is wielding a whip of electrocution.
An orc priest comes into view. It is wielding a short sword.
The orc shouts!
The orc priest invokes the aid of Beogh against you.
Pain shoots through your body!
Ouch! That really hurt!
* * * LOW HITPOINT WARNING * * *
You take 14 damage, and have 4/18 hp.
MASSIVE DAMAGE!!
There is a stone staircase leading up here.
The worker ant twitches its antennae in your direction.
The worker ant bites you!
You die...

█..█ ███.█ ██.█ █<█ █.█
█.█ █.█ █.█
█████.████████.█
██.....█.....██.█████ .
█.............█.....█...
.................a......
................@>......
........................
........................
........................
........................
█.......................
██.....█.....█..........
██████████████.....█...


█████ You could see a worker ant.

Vanquished Creatures
  A hound skeleton (D:4)
  An adder skeleton (D:4)
  An orc (D:3)
  2 giant cockroaches
  5 bats
  A frilled lizard (D:1)
  A leopard gecko skeleton (D:4)
12 creatures vanquished.

Notes
Turn   | Place    | Note
-------+----------+-------------------------------------------
     0 | D:1      | Goblin1989 the Spriggan Assassin began the quest for the Orb.
     0 | D:1      | Reached XP level 1. HP: 10/10 MP: 2/2
    72 | D:1      | Reached skill level 6 in Stealth
   530 | D:2      | Noticed Terence
   698 | D:3      | Reached XP level 2. HP: 12/14 MP: 3/3
   732 | D:4      | Reached skill level 7 in Stealth
   963 | D:3      | Reached XP level 3. HP: 17/18 MP: 4/4
  1021 | D:4      | Slain by a worker ant

Vault maps used:
D:1:      dpeg_arrival_pond
D:2:      lemuel_coloured_pillars_altar, nicolae_overflow_crystal_walls,
          marbit_many_paths, uniq_terence
D:3:      lemuel_castle_with_subvaults, feat_on_display
D:4:      first_bread, xom_redecorated

Skill      XL: |  1  2 |
---------------+-------+-----
Stealth        | 6 7 |  7.4
Fighting       | |  1.5
Short Blades   | |  2.1
Throwing       | |  2.0
Dodging        | |  1.5

Action                   || total
-------------------------++-------
Melee: Dagger            ||    30
 Stab: Sleeping          ||     6
Armor: Robe              ||     9
Dodge: Dodged            ||    39

Vault maps used:
D:1:      dpeg_arrival_pond
D:2:      lemuel_coloured_pillars_altar, nicolae_overflow_crystal_walls,
          marbit_many_paths, uniq_terence
D:3:      lemuel_castle_with_subvaults, feat_on_display
D:4:      first_bread, xom_redecorated
